Map: Abyssal Reef LE

Players

Conman - Winner!

  • Race: Terran Terran
  • League: Master
  • Spawn Location: 11:00

HatsuneMiku

  • Race: Terran Terran
  • League: Master
  • Spawn Location: 5:00

VOD

Have the link to the VOD?

Description

Time

  • Played on: Dec. 6, 2017, 9:56 p.m.
  • Length: 10:14
Show
View Real Time Build Order
Export as new Build Order

Conman Terran - Winner!

Build Orders: Cyclone Opening 

Get SALT Encoding   

  12  0:01  SCV  
  13  0:13  SCV  
  14  0:17  Supply Depot  
  14  0:25  SCV  
  15  0:30  Refinery  
  15  0:39  SCV  
  16  0:48  Barracks  
  16  0:55  Refinery  
  16  0:57  SCV  
  17  1:09  SCV  
  18  1:21  SCV  
  19  1:33  SCV  
  19  1:35  Barracks Reactor  
  19  1:36  Factory  
  20  1:49  Orbital Command  
  20  2:00  Supply Depot  
  20  2:25  Cyclone x2  
  26  2:30  SCV  
  27  2:39  Supply Depot  
  27  2:42  SCV  
  28  2:57  Cyclone  
  31  3:02  SCV  
  32  3:06  Cyclone  
  35  3:29  Cyclone  
  38  3:41  SCV  
  38  3:45  Starport  
  39  3:48  Supply Depot  
  39  4:10  Factory Tech Lab  
  39  4:25  Viking  
  41  4:37  Command Center  
  41  4:39  Siege Tank  
  44  4:57  Starport Tech Lab  
  44  4:58  Command Center  
  44  5:02  SCV  
  45  5:16  Barracks  
  45  5:20  Raven  
  47  5:43  Barracks  
  47  5:57  Orbital Command  
  47  5:59  SCV  
  48  6:05  Barracks Reactor  
  48  6:07  Barracks  
  48  6:13  Starport Reactor  
  48  6:18  SCV  
  46  6:30  SCV  
  46  6:31  Orbital Command, SCV  
  48  6:37  Barracks Reactor  
  48  6:38  Barracks Tech Lab  
  48  6:52  Marine x2  
  51  6:54  SCV x2  
  51  6:59  Stimpack  
  51  7:00  Barracks Reactor, Marine  
  47  7:10  Marine  
  48  7:16  Marine  
  49  7:23  Marauder  
  49  7:27  Marine  
  52  7:31  Viking x2  
  52  7:32  Siege Tank  
  52  7:35  Marine x2  
  61  7:41  Refinery  
  61  7:44  Marine  
  61  7:51  Marine  
  61  7:52  SCV  
  61  7:53  SCV  
  64  7:58  Barracks  
  64  8:01  Marine, Barracks  
  64  8:04  Siege Tank, Engineering Bay x2  
  68  8:07  Viking  
  68  8:10  Viking  
  72  8:15  Marauder, Marine  
  75  8:22  Barracks  
  75  8:26  Supply Depot  
  75  8:27  Marine, Supply Depot  
  75  8:28  Marine  
  77  8:46  Refinery  
  77  8:48  Siege Tank, Marine, SCV x2, Barracks Tech Lab  
  83  8:50  Barracks Reactor  
  83  8:51  Marine  
  83  8:52  Marauder, Marine  
  87  8:58  SCV  
  87  9:00  SCV  
  89  9:03  Supply Depot  
  89  9:07  Marauder  
  89  9:08  Supply Depot  
  91  9:11  Medivac  
  93  9:17  Concussive Shells  
  93  9:24  SCV  
  93  9:25  SCV  
  93  9:28  Marine x2  
  93  9:29  Marauder, Marine  
  99  9:46  Marauder, Marine x3  
  99  9:47  Marine  
  99  9:48  SCV x2  
  99  9:49  SCV  
Show
View Real Time Build Order
Export as new Build Order

HatsuneMiku Terran 

Build Orders: Cyclone Opening 

Get SALT Encoding   

  12  0:01  SCV  
  13  0:13  SCV  
  14  0:17  Supply Depot  
  14  0:25  SCV  
  15  0:32  Refinery  
  15  0:39  SCV  
  16  0:46  Barracks  
  16  0:51  SCV  
  17  1:04  SCV  
  18  1:16  SCV  
  19  1:32  Orbital Command  
  19  1:34  Reaper  
  20  1:40  Bunker  
  20  1:51  Supply Depot  
  20  1:56  Factory  
  20  1:57  Refinery  
  20  1:59  SCV  
  21  2:10  Reaper  
  22  2:18  SCV  
  23  2:32  SCV  
  24  2:46  Marine  
  24  2:48  Cyclone  
  28  2:53  Command Center  
  28  3:04  Marine  
  29  3:08  SCV  
  29  3:20  SCV  
  29  3:22  Marine  
  30  3:32  SCV  
  31  3:45  Factory Tech Lab  
  31  3:47  Barracks Reactor  
  31  3:52  Starport  
  31  4:04  SCV  
  31  4:05  Siege Tank  
  31  4:07  SCV  
  36  4:21  Supply Depot  
  36  4:28  Supply Depot  
  36  4:35  Orbital Command  
  36  4:36  Supply Depot  
  36  4:42  Viking  
  38  4:50  SCV  
  39  4:52  Supply Depot  
  39  5:01  SCV  
  39  5:02  SCV  
  39  5:05  Siege Tank  
  44  5:09  Marine  
  45  5:14  SCV  
  45  5:19  SCV  
  45  5:20  Liberator  
  47  5:26  SCV  
  48  5:35  SCV  
  52  5:52  SCV  
  52  5:55  Supply Depot  
  52  5:56  Supply Depot  
  53  6:08  Command Center  
  53  6:11  Liberator  
  53  6:16  Siege Tank  
  53  6:31  SCV x2  
  58  6:39  Factory  
  58  6:43  SCV  
  58  6:44  SCV  
  60  6:55  SCV  
  61  7:03  SCV  
  62  7:32  SCV  
  62  7:36  Orbital Command  
  63  7:42  Siege Tank  
  66  7:47  Refinery  
  66  7:50  Refinery, SCV  
  67  7:54  Starport Reactor  
  68  7:59  Orbital Command  
  68  8:02  SCV  
  68  8:05  SCV  
  69  8:14  SCV  
  69  8:16  Siege Tank, Liberator x2  
  69  8:17  SCV  
  74  8:25  SCV  
  74  8:26  SCV  
  76  8:29  SCV  
  76  8:32  Supply Depot  
  76  8:33  Hellion x2  
  87  8:34  Supply Depot  
  87  8:38  SCV x2  
  89  8:42  Engineering Bay, SCV  
  89  8:44  Refinery  
  90  8:48  Refinery  
  90  8:50  SCV  
  90  8:52  Factory x2, SCV  
  90  8:54  Siege Tank  
  95  9:02  Supply Depot  
  95  9:09  Widow Mine x2  
  97  9:10  SCV x3  
  97  9:16  Viking x2  
  106  9:20  Supply Depot  
  106  9:22  SCV x2  
  106  9:23  Supply Depot  
  104  9:27  SCV  
  105  9:31  Siege Tank  
  105  9:34  SCV x2  
  109  9:38  Supply Depot  
  109  9:40  Supply Depot  
  109  9:41  Factory Reactor, Factory Tech Lab  
  109  9:47  Missile Turret  
  109  9:48  Missile Turret  
  108  9:58  Missile Turret  
  97  10:01  Missile Turret  
Tags
 
Add a new tag
Caveats
  • Supply blocks, unpowered buildings, or Contaminate may cause inaccurate times.
  • Supply counts are checked every 10 seconds.